Flames vs Oilers

Created - April 10, 2024 at 21:59

Goals
1 2 3 T
Flames 2 3 0 5
Oilers 3 0 0 3
Shots
1 2 3 T
Flames 7 19 5 31
Oilers 11 5 13 29

GoalsPenalties
1st period
1. Oilers , Brock Boeser 1 (Brandon Hagel 3) at 12:59 (PP)
2. Flames , Steven Stamkos 3 (Adam Larsson 2, Sebastian Aho 1) at 14:35
3. Flames , Steven Stamkos 4 (Sebastian Aho 2, Adam Larsson 3) at 16:31
4. Oilers , Ondrej Palat 1 (Cole Perfetti 2, Josh Bailey 1) at 19:26 (PP)
5. Oilers , Kasperi Kapanen 1 (Jakob Silfverberg 1, Scott Mayfield 1) at 19:50
Jordan Staal (CGY) for Tripping (Minor) at 11:37
Adam Larsson (CGY) for Holding (Minor) at 12:01
Adam Larsson (CGY) for High sticking (Minor) at 18:21
2nd period
6. Flames , Adam Larsson 1 (Steven Stamkos 3, Sebastian Aho 3) at 0:23
7. Flames , Alex Ovechkin 1 (Josh Morrissey 1, Steven Stamkos 4) at 1:16
8. Flames , Steven Stamkos 5 (Sebastian Aho 4, Adam Larsson 4) at 5:46
No Penalty
3rd period
No Goal
Ondrej Palat (EDM) for Hooking (Minor) at 1:00
Adam Larsson (CGY) for Hooking (Minor) at 1:00
Ryan Johansen (EDM) for Slashing (Minor) at 6:21
Adam Larsson (CGY) for Slashing (Minor) at 17:49
Goalie Stats
Antti Raanta (CGY), 26 saves from 29 shots - (0.897), W, 1-0-0, 60:00 minutes
Jack Campbell (EDM), 10 saves from 15 shots - (0.667), L, 1-2-0, 25:46 minutes
Philipp Grubauer (EDM), 16 saves from 16 shots - (1.000), 34:14 minutes
3 StarsOfficial
1 - Steven Stamkos (CGY)
2 - Sebastian Aho (CGY)
3 - Alex Ovechkin (CGY)
Referees : Ben O'Quinn and Dan O'Halloran
Linesman : James Tobias and Brent Colby
Game Note
Steven Stamkos has scored a Hat Trick!
Philipp Grubauer enters game at 5:46 of 2nd period
Finance
Level 1 -- Attendance: 6256 (96.25%) -- Ticket Income $763,232
Level 2 -- Attendance: 4411 (88.22%) -- Ticket Income $414,634
Level 3 -- Attendance: 2932 (83.77%) -- Ticket Income $219,900
Level 4 -- Attendance: 839 (100.00%) -- Ticket Income $61,247
Luxury Box -- Attendance: 1000 (100.00%) -- Ticket Income $232,000
Game was played at the Rexall Place.
Total Attendance: 15438 (91.68%)
Total Ticket Income: $1,691,013
Other Income: $422,753
Total Income: $2,113,766



Team Name Goals Shots Shots Attemp Shots Blocked PIM HIT PP PK FO%
Flames 53147710250 / 1 (0%)240%
Oilers 3295634212 / 4 (50%)060%

Flames
Player Name POS G A P +/- PIM HIT SHT SB MP PP MP PP SHT PK MP PK SHT FO% FOT
Adam LarssonD1344861119:050:3200:2300% 0
Alex DeBrincatRW000-1000016:490:0000:00050% 4
Alex OvechkinLW1015043020:031:2700:0000% 0
Dmitry OrlovD0000001117:160:3210:3200% 0
Erik GudbransonD0000010118:160:0003:0800% 0
Esa LindellD0004000119:470:0001:3400% 0
Jakub VranaLW000000005:180:0003:44025% 4
Jared SpurgeonD0000001221:551:2702:1900% 0
John TavaresC000-1026018:161:2700:00041% 27
Jordan EberleRW0000000115:100:0000:0000% 0
Jordan KyrouC0000002016:180:0000:0000% 0
Jordan StaalC0000241018:280:0002:11035% 20
Josh MorrisseyD0110050023:371:2702:5700% 0
Lawson CrouseLW000-1022018:161:2700:0000% 0
Pierre-Edouard BellemareLW000000002:590:3201:3600% 0
Sean KuralyC000000003:160:0002:25060% 5
Sebastian AhoC0445014019:080:3200:0000% 5
Steven StamkosC32550010017:340:3210:00048% 27
Oilers
Player Name POS G A P +/- PIM HIT SHT SB MP PP MP PP SHT PK MP PK SHT FO% FOT
Alexander BarabanovLW0000022015:012:2300:00050% 2
Brandon HagelLW011-4016016:133:0410:55060% 5
Brock BoeserRW101-4001115:183:0410:000100% 1
Casey CizikasC0000041014:090:0000:06053% 19
Cole PerfettiC0110011015:082:2300:00067% 6
Dylan StromeC0000002016:533:0401:04057% 23
Jakob SilfverbergRW0110002014:470:0000:5510% 0
Jamie DrysdaleD000-2031121:023:0400:0000% 0
Josh BaileyRW0110001015:012:2310:0000% 0
Kasperi KapanenRW1010012014:030:0000:0000% 0
Mattias SamuelssonD000-2010017:490:0000:0000% 0
Nikita ZaitsevD0000001020:072:2310:4600% 0
Ondrej PalatLW1010233015:072:2310:00050% 2
Paul StastnyC0000011014:300:0000:58073% 15
Ryan JohansenC000-4224015:173:0420:00058% 19
Scott MayfieldD011-2010017:570:0001:1300% 0
Troy StecherD000-2011019:000:0001:1300% 0
Vladislav GavrikovD0000000118:380:0000:4600% 0



Play-by-Play

1st period


0:01 of 1st period - Ryan Johansen wins face-off versus Steven Stamkos in neutral zone.
1:32 of 1st period - Shot by Alex DeBrincat.
1:32 of 1st period - Deflect By John Tavares.
1:32 of 1st period - Stopped by Jack Campbell without a rebound.
1:33 of 1st period - Jordan Staal wins face-off versus Paul Stastny in Oilers zone.
3:21 of 1st period - Off-side.
3:22 of 1st period - Dylan Strome wins face-off versus John Tavares in neutral zone.
3:36 of 1st period - Shot by Ondrej Palat.
3:36 of 1st period - Stopped by Antti Raanta with a rebound.
3:56 of 1st period - Shot by Dylan Strome.
3:56 of 1st period - Stopped by Antti Raanta without a rebound.
3:57 of 1st period - Paul Stastny wins face-off versus Sebastian Aho in Flames zone.
4:15 of 1st period - Shot by Paul Stastny.
4:15 of 1st period - Shot Misses the Net.
4:49 of 1st period - Icing by Jared Spurgeon.
4:50 of 1st period - Jakub Vrana wins face-off versus Casey Cizikas in Flames zone.
4:52 of 1st period - Icing by Jared Spurgeon.
4:53 of 1st period - Casey Cizikas wins face-off versus Sebastian Aho in Flames zone.
4:55 of 1st period - Kasperi Kapanen is hit by Josh Morrissey and loses puck.
5:17 of 1st period - John Tavares is hit by Jamie Drysdale and loses puck.
5:24 of 1st period - Shot by Alex DeBrincat.
5:24 of 1st period - Shot Misses the Net.
6:34 of 1st period - Shot by Jordan Kyrou.
6:34 of 1st period - Shot Misses the Net.
6:56 of 1st period - Shot by Sebastian Aho.
6:56 of 1st period - Shot Misses the Net.
6:58 of 1st period - Shot by Sebastian Aho.
6:58 of 1st period - Stopped by Jack Campbell without a rebound.
6:59 of 1st period - Ryan Johansen wins face-off versus Sebastian Aho in Oilers zone.
8:38 of 1st period - Shot by John Tavares.
8:38 of 1st period - Stopped by Jack Campbell without a rebound.
8:39 of 1st period - Casey Cizikas wins face-off versus Jordan Staal in Oilers zone.
8:44 of 1st period - Jordan Eberle is hit by Kasperi Kapanen and loses puck.
10:14 of 1st period - Off-side.
10:15 of 1st period - Steven Stamkos wins face-off versus Dylan Strome in neutral zone.
10:31 of 1st period - Alex Ovechkin is hit by Scott Mayfield.
10:33 of 1st period - Shot by Steven Stamkos.
10:33 of 1st period - Stopped by Jack Campbell without a rebound.
10:34 of 1st period - Jordan Staal wins face-off versus Ryan Johansen in Oilers zone.
10:44 of 1st period - Ryan Johansen is hit by Josh Morrissey and loses puck.
11:37 of 1st period - Minor Penalty to Jordan Staal for Tripping.
11:38 of 1st period - Cole Perfetti wins face-off versus Sean Kuraly in Flames zone.
11:41 of 1st period - Shot by Ondrej Palat.
11:41 of 1st period - Shot Misses the Net.
11:43 of 1st period - Shot by Josh Bailey.
11:43 of 1st period - Stopped by Antti Raanta without a rebound.
11:44 of 1st period - Sean Kuraly wins face-off versus Cole Perfetti in Flames zone.
11:44 of 1st period - Sean Kuraly is hit by Alexander Barabanov.
12:01 of 1st period - Minor Penalty to Adam Larsson for Holding.
12:02 of 1st period - Brock Boeser wins face-off versus Jakub Vrana in Flames zone.
12:20 of 1st period - Shot by Brandon Hagel.
12:20 of 1st period - Stopped by Antti Raanta without a rebound.
12:21 of 1st period - Cole Perfetti wins face-off versus Jakub Vrana in Flames zone.
12:29 of 1st period - Icing by Cole Perfetti.
12:30 of 1st period - Cole Perfetti wins face-off versus Jakub Vrana in Oilers zone.
12:53 of 1st period - Shot by Cole Perfetti.
12:53 of 1st period - Deflect By Alexander Barabanov.
12:53 of 1st period - Shot Misses the Net.
12:55 of 1st period - Shot by Nikita Zaitsev.
12:55 of 1st period - Stopped by Antti Raanta without a rebound.
12:56 of 1st period - Brandon Hagel wins face-off versus Sean Kuraly in Flames zone.
12:59 of 1st period - Shot by Brock Boeser.
12:59 of 1st period - Goal by Brock Boeser - Flames : 0 - Oilers : 1.
13:00 of 1st period - Jordan Staal wins face-off versus Dylan Strome in neutral zone.
13:12 of 1st period - Icing by Dylan Strome.
13:13 of 1st period - Dylan Strome wins face-off versus Jordan Staal in Oilers zone.
13:13 of 1st period - Dylan Strome is hit by Jordan Staal.
13:18 of 1st period - Jamie Drysdale is hit by Jordan Staal and loses puck.
13:46 of 1st period - Brock Boeser is hit by Josh Morrissey and loses puck.
14:17 of 1st period - Shot by Steven Stamkos.
14:17 of 1st period - Deflect By Sebastian Aho.
14:17 of 1st period - Stopped by Jack Campbell with a rebound.
14:35 of 1st period - Shot by Steven Stamkos.
14:35 of 1st period - Goal by Steven Stamkos - Flames : 1 - Oilers : 1.
14:36 of 1st period - John Tavares wins face-off versus Paul Stastny in neutral zone.
14:38 of 1st period - Off-side.
14:39 of 1st period - Paul Stastny wins face-off versus John Tavares in neutral zone.
15:54 of 1st period - Icing by Lawson Crouse.
15:55 of 1st period - Ryan Johansen wins face-off versus John Tavares in Flames zone.
16:29 of 1st period - Sebastian Aho is hit by Jamie Drysdale.
16:31 of 1st period - Shot by Steven Stamkos.
16:31 of 1st period - Goal by Steven Stamkos - Flames : 2 - Oilers : 1.
16:32 of 1st period - Dylan Strome wins face-off versus Steven Stamkos in neutral zone.
16:32 of 1st period - Dylan Strome is hit by Sebastian Aho.
16:38 of 1st period - Shot by Cole Perfetti.
16:38 of 1st period - Shot Misses the Net.
16:57 of 1st period - Off-side.
16:58 of 1st period - Paul Stastny wins face-off versus Jordan Staal in neutral zone.
17:52 of 1st period - Icing by Erik Gudbranson.
17:53 of 1st period - Dylan Strome wins face-off versus Jordan Staal in Flames zone.
17:58 of 1st period - Shot by Ondrej Palat.
17:58 of 1st period - Shot Misses the Net.
18:18 of 1st period - Shot by Cole Perfetti.
18:18 of 1st period - Stopped by Antti Raanta without a rebound.
18:19 of 1st period - Ryan Johansen wins face-off versus Steven Stamkos in Flames zone.
18:21 of 1st period - Minor Penalty to Adam Larsson for High sticking.
18:22 of 1st period - Sean Kuraly wins face-off versus Dylan Strome in Flames zone.
18:22 of 1st period - Jared Spurgeon is hit by Brandon Hagel and loses puck.
18:51 of 1st period - Shot by Ryan Johansen.
18:51 of 1st period - Stopped by Antti Raanta without a rebound.
18:52 of 1st period - Cole Perfetti wins face-off versus Jordan Staal in Flames zone.
19:26 of 1st period - Shot by Ondrej Palat.
19:26 of 1st period - Goal by Ondrej Palat - Flames : 2 - Oilers : 2.
19:27 of 1st period - Ryan Johansen wins face-off versus Sebastian Aho in neutral zone.
19:42 of 1st period - Shot by Ryan Johansen.
19:42 of 1st period - Stopped by Antti Raanta without a rebound.
19:43 of 1st period - Casey Cizikas wins face-off versus John Tavares in Flames zone.
19:50 of 1st period - Shot by Jakob Silfverberg.
19:50 of 1st period - Deflect By Kasperi Kapanen.
19:50 of 1st period - Goal by Kasperi Kapanen - Flames : 2 - Oilers : 3.
19:51 of 1st period - Steven Stamkos wins face-off versus Dylan Strome in neutral zone.
Goals for this period are 2 for Flames vs 3 for Oilers.
Shots for this period are 7 for Flames vs 11 for Oilers.

2nd period


0:01 of 2nd period - Ryan Johansen wins face-off versus Steven Stamkos in neutral zone.
0:21 of 2nd period - Shot by Steven Stamkos.
0:21 of 2nd period - Shot Blocked by Brock Boeser.
0:23 of 2nd period - Shot by Adam Larsson.
0:23 of 2nd period - Goal by Adam Larsson - Flames : 3 - Oilers : 3.
0:24 of 2nd period - John Tavares wins face-off versus Dylan Strome in neutral zone.
0:37 of 2nd period - Shot by Jared Spurgeon.
0:37 of 2nd period - Stopped by Jack Campbell without a rebound.
0:38 of 2nd period - Steven Stamkos wins face-off versus Casey Cizikas in Oilers zone.
0:47 of 2nd period - Shot by Steven Stamkos.
0:47 of 2nd period - Stopped by Jack Campbell without a rebound.
0:48 of 2nd period - Ondrej Palat wins face-off versus Alex DeBrincat in Oilers zone.
1:02 of 2nd period - Icing by Adam Larsson.
1:03 of 2nd period - John Tavares wins face-off versus Casey Cizikas in Flames zone.
1:12 of 2nd period - Shot by Alex DeBrincat.
1:12 of 2nd period - Deflect By John Tavares.
1:12 of 2nd period - Stopped by Jack Campbell without a rebound.
1:13 of 2nd period - Steven Stamkos wins face-off versus Ryan Johansen in Oilers zone.
1:16 of 2nd period - Shot by Alex Ovechkin.
1:16 of 2nd period - Goal by Alex Ovechkin - Flames : 4 - Oilers : 3.
1:17 of 2nd period - Casey Cizikas wins face-off versus Steven Stamkos in neutral zone.
1:23 of 2nd period - Adam Larsson is hit by Mattias Samuelsson and loses puck.
1:28 of 2nd period - Shot by Steven Stamkos.
1:28 of 2nd period - Stopped by Jack Campbell without a rebound.
1:29 of 2nd period - Alex DeBrincat wins face-off versus Ryan Johansen in Oilers zone.
1:32 of 2nd period - Shot by Lawson Crouse.
1:32 of 2nd period - Shot Blocked by Jamie Drysdale.
1:47 of 2nd period - Icing by Jamie Drysdale.
1:48 of 2nd period - Steven Stamkos wins face-off versus Ryan Johansen in Oilers zone.
2:15 of 2nd period - Shot by Brandon Hagel.
2:15 of 2nd period - Stopped by Antti Raanta without a rebound.
2:16 of 2nd period - Dylan Strome wins face-off versus John Tavares in Flames zone.
2:56 of 2nd period - Josh Morrissey is hit by Ondrej Palat and loses puck.
3:18 of 2nd period - Icing by Scott Mayfield.
3:19 of 2nd period - Dylan Strome wins face-off versus Steven Stamkos in Oilers zone.
3:19 of 2nd period - Dylan Strome is hit by Alex Ovechkin.
3:24 of 2nd period - Mattias Samuelsson is hit by Adam Larsson and loses puck.
3:35 of 2nd period - Shot by Sebastian Aho.
3:35 of 2nd period - Shot Misses the Net.
3:41 of 2nd period - Shot by Sebastian Aho.
3:41 of 2nd period - Stopped by Jack Campbell without a rebound.
3:42 of 2nd period - Paul Stastny wins face-off versus Jordan Staal in Oilers zone.
4:08 of 2nd period - Paul Stastny is hit by Erik Gudbranson.
5:10 of 2nd period - Shot by Casey Cizikas.
5:10 of 2nd period - Stopped by Antti Raanta without a rebound.
5:11 of 2nd period - Steven Stamkos wins face-off versus Ryan Johansen in Flames zone.
5:11 of 2nd period - Steven Stamkos is hit by Ryan Johansen.
5:44 of 2nd period - Shot by Sebastian Aho.
5:44 of 2nd period - Shot Misses the Net.
5:46 of 2nd period - Shot by Steven Stamkos.
5:46 of 2nd period - Goal by Steven Stamkos - Flames : 5 - Oilers : 3.
5:46 of 2nd period - Philipp Grubauer enters game.
5:47 of 2nd period - Alexander Barabanov wins face-off versus John Tavares in neutral zone.
6:10 of 2nd period - John Tavares is hit by Alexander Barabanov and loses puck.
6:18 of 2nd period - Alex DeBrincat is hit by Paul Stastny and loses puck.
6:22 of 2nd period - Jared Spurgeon is hit by Jamie Drysdale and loses puck.
6:52 of 2nd period - Sebastian Aho is hit by Casey Cizikas and loses puck.
7:01 of 2nd period - Shot by Sebastian Aho.
7:01 of 2nd period - Stopped by Philipp Grubauer without a rebound.
7:02 of 2nd period - Dylan Strome wins face-off versus Jordan Staal in Oilers zone.
7:51 of 2nd period - Icing by Mattias Samuelsson.
7:52 of 2nd period - Steven Stamkos wins face-off versus Dylan Strome in Oilers zone.
8:03 of 2nd period - Shot by Steven Stamkos.
8:03 of 2nd period - Stopped by Philipp Grubauer without a rebound.
8:04 of 2nd period - Casey Cizikas wins face-off versus John Tavares in Oilers zone.
8:04 of 2nd period - Casey Cizikas is hit by Lawson Crouse.
8:12 of 2nd period - Lawson Crouse is hit by Casey Cizikas and loses puck.
8:19 of 2nd period - Jakob Silfverberg is hit by John Tavares and loses puck.
9:42 of 2nd period - Shot by Jamie Drysdale.
9:42 of 2nd period - Stopped by Antti Raanta without a rebound.
9:43 of 2nd period - Paul Stastny wins face-off versus Jordan Staal in Flames zone.
9:56 of 2nd period - Shot by Paul Stastny.
9:56 of 2nd period - Shot Misses the Net.
10:52 of 2nd period - Shot by Sebastian Aho.
10:52 of 2nd period - Shot Misses the Net.
10:54 of 2nd period - Shot by Adam Larsson.
10:54 of 2nd period - Deflect By Alex Ovechkin.
10:54 of 2nd period - Shot Misses the Net.
11:44 of 2nd period - Icing by Casey Cizikas.
11:45 of 2nd period - Casey Cizikas wins face-off versus Jordan Staal in Oilers zone.
12:02 of 2nd period - Shot by Jordan Staal.
12:02 of 2nd period - Deflect By Jordan Kyrou.
12:02 of 2nd period - Stopped by Philipp Grubauer without a rebound.
12:03 of 2nd period - John Tavares wins face-off versus Ondrej Palat in Oilers zone.
12:18 of 2nd period - Shot by John Tavares.
12:18 of 2nd period - Stopped by Philipp Grubauer without a rebound.
12:19 of 2nd period - Ryan Johansen wins face-off versus Steven Stamkos in Oilers zone.
12:39 of 2nd period - Shot by Alex Ovechkin.
12:39 of 2nd period - Deflect By Steven Stamkos.
12:39 of 2nd period - Stopped by Philipp Grubauer without a rebound.
12:40 of 2nd period - John Tavares wins face-off versus Dylan Strome in Oilers zone.
12:41 of 2nd period - Shot by Lawson Crouse.
12:41 of 2nd period - Stopped by Philipp Grubauer without a rebound.
12:42 of 2nd period - Dylan Strome wins face-off versus John Tavares in Oilers zone.
13:33 of 2nd period - Icing by Adam Larsson.
13:34 of 2nd period - Ryan Johansen wins face-off versus John Tavares in Flames zone.
13:35 of 2nd period - Shot by Brandon Hagel.
13:35 of 2nd period - Stopped by Antti Raanta without a rebound.
13:36 of 2nd period - Steven Stamkos wins face-off versus Brandon Hagel in Flames zone.
14:57 of 2nd period - Shot by Paul Stastny.
14:57 of 2nd period - Shot Blocked by Dmitry Orlov.
15:32 of 2nd period - Icing by Dmitry Orlov.
15:33 of 2nd period - Dylan Strome wins face-off versus Jordan Staal in Flames zone.
15:38 of 2nd period - Shot by Cole Perfetti.
15:38 of 2nd period - Shot Misses the Net.
15:40 of 2nd period - Shot by Mattias Samuelsson.
15:40 of 2nd period - Deflect By Dylan Strome.
15:40 of 2nd period - Stopped by Antti Raanta with a rebound.
16:06 of 2nd period - Shot by Dylan Strome.
16:06 of 2nd period - Shot Misses the Net.
16:10 of 2nd period - Shot by Dylan Strome.
16:10 of 2nd period - Shot Misses the Net.
17:08 of 2nd period - Ryan Johansen is hit by Adam Larsson and loses puck.
17:24 of 2nd period - Icing by Jamie Drysdale.
17:25 of 2nd period - John Tavares wins face-off versus Casey Cizikas in Oilers zone.
17:53 of 2nd period - Shot by Jakob Silfverberg.
17:53 of 2nd period - Shot Misses the Net.
17:56 of 2nd period - Icing by Josh Morrissey.
17:57 of 2nd period - John Tavares wins face-off versus Paul Stastny in Flames zone.
18:14 of 2nd period - Shot by Lawson Crouse.
18:14 of 2nd period - Deflect By John Tavares.
18:14 of 2nd period - Stopped by Philipp Grubauer without a rebound.
18:15 of 2nd period - Dylan Strome wins face-off versus Sebastian Aho in Oilers zone.
18:15 of 2nd period - Dylan Strome is hit by Alex Ovechkin.
18:28 of 2nd period - Vladislav Gavrikov is hit by Alex Ovechkin.
18:31 of 2nd period - Ondrej Palat is hit by Adam Larsson and loses puck.
18:42 of 2nd period - Shot by Steven Stamkos.
18:42 of 2nd period - Stopped by Philipp Grubauer without a rebound.
18:43 of 2nd period - Jordan Staal wins face-off versus Alexander Barabanov in Oilers zone.
19:10 of 2nd period - Shot by Jordan Kyrou.
19:10 of 2nd period - Stopped by Philipp Grubauer without a rebound.
19:11 of 2nd period - Steven Stamkos wins face-off versus Ryan Johansen in Oilers zone.
19:20 of 2nd period - Shot by Sebastian Aho.
19:20 of 2nd period - Shot Misses the Net.
19:22 of 2nd period - Shot by Jared Spurgeon.
19:22 of 2nd period - Shot Blocked by Vladislav Gavrikov.
19:26 of 2nd period - Shot by Alex Ovechkin.
19:26 of 2nd period - Shot Misses the Net.
19:30 of 2nd period - Shot by Alex Ovechkin.
19:30 of 2nd period - Stopped by Philipp Grubauer without a rebound.
19:31 of 2nd period - John Tavares wins face-off versus Casey Cizikas in Oilers zone.
19:38 of 2nd period - Shot by John Tavares.
19:38 of 2nd period - Stopped by Philipp Grubauer without a rebound.
19:39 of 2nd period - Steven Stamkos wins face-off versus Casey Cizikas in Oilers zone.
Goals for this period are 3 for Flames vs 0 for Oilers.
Shots for this period are 19 for Flames vs 5 for Oilers.

3rd period


0:01 of 3rd period - Paul Stastny wins face-off versus Steven Stamkos in neutral zone.
0:44 of 3rd period - Shot by Alexander Barabanov.
0:44 of 3rd period - Stopped by Antti Raanta without a rebound.
0:45 of 3rd period - Ryan Johansen wins face-off versus John Tavares in Flames zone.
0:56 of 3rd period - Icing by Esa Lindell.
0:57 of 3rd period - Alex DeBrincat wins face-off versus Dylan Strome in Flames zone.
0:57 of 3rd period - Alex DeBrincat is hit by Ondrej Palat.
1:00 of 3rd period - Minor Penalty to Ondrej Palat for Hooking.
1:00 of 3rd period - Minor Penalty to Adam Larsson for Hooking.
1:01 of 3rd period - Jordan Staal wins face-off versus Casey Cizikas in Flames zone.
1:01 of 3rd period - Jordan Staal is hit by Casey Cizikas.
1:17 of 3rd period - Kasperi Kapanen is hit by Jordan Staal and loses puck.
2:11 of 3rd period - Shot by Pierre-Edouard Bellemare.
2:11 of 3rd period - Shot Misses the Net.
3:08 of 3rd period - Dylan Strome is hit by Adam Larsson.
3:10 of 3rd period - Shot by Scott Mayfield.
3:10 of 3rd period - Shot Misses the Net.
3:13 of 3rd period - Icing by Esa Lindell.
3:14 of 3rd period - John Tavares wins face-off versus Ryan Johansen in Flames zone.
3:16 of 3rd period - Icing by Adam Larsson.
3:17 of 3rd period - John Tavares wins face-off versus Ryan Johansen in Flames zone.
3:34 of 3rd period - Shot by Alex DeBrincat.
3:34 of 3rd period - Shot Misses the Net.
3:50 of 3rd period - Brandon Hagel is hit by John Tavares and loses puck.
4:01 of 3rd period - Icing by Alex DeBrincat.
4:02 of 3rd period - Casey Cizikas wins face-off versus Alex DeBrincat in Flames zone.
4:02 of 3rd period - Mattias Samuelsson is hit by Adam Larsson and loses puck.
4:39 of 3rd period - Jared Spurgeon is hit by Casey Cizikas and loses puck.
4:46 of 3rd period - Shot by Jakob Silfverberg.
4:46 of 3rd period - Shot Blocked by Jared Spurgeon.
4:58 of 3rd period - Alex Ovechkin is hit by Cole Perfetti and loses puck.
5:06 of 3rd period - Cole Perfetti is hit by Josh Morrissey and loses puck.
5:23 of 3rd period - Shot by Cole Perfetti.
5:23 of 3rd period - Shot Blocked by Jared Spurgeon.
5:25 of 3rd period - Shot by Troy Stecher.
5:25 of 3rd period - Stopped by Antti Raanta without a rebound.
5:26 of 3rd period - Paul Stastny wins face-off versus Jordan Staal in Flames zone.
5:49 of 3rd period - Shot by Paul Stastny.
5:49 of 3rd period - Shot Blocked by Erik Gudbranson.
6:04 of 3rd period - Shot by Alexander Barabanov.
6:04 of 3rd period - Shot Misses the Net.
6:06 of 3rd period - Shot by Paul Stastny.
6:06 of 3rd period - Stopped by Antti Raanta with a rebound.
6:21 of 3rd period - Minor Penalty to Ryan Johansen for Slashing.
6:22 of 3rd period - John Tavares wins face-off versus Brandon Hagel in Oilers zone.
6:58 of 3rd period - Icing by Josh Morrissey.
6:59 of 3rd period - Brandon Hagel wins face-off versus John Tavares in Flames zone.
7:00 of 3rd period - Shot by Jakob Silfverberg.
7:00 of 3rd period - Shot Misses the Net.
7:02 of 3rd period - Shot by Brandon Hagel.
7:02 of 3rd period - Deflect By Jakob Silfverberg.
7:02 of 3rd period - Stopped by Antti Raanta with a rebound.
8:06 of 3rd period - Shot by Steven Stamkos.
8:06 of 3rd period - Stopped by Philipp Grubauer without a rebound.
8:07 of 3rd period - Steven Stamkos wins face-off versus Paul Stastny in Oilers zone.
8:10 of 3rd period - Shot by Dmitry Orlov.
8:10 of 3rd period - Stopped by Philipp Grubauer without a rebound.
8:11 of 3rd period - Brandon Hagel wins face-off versus Steven Stamkos in Oilers zone.
9:00 of 3rd period - Icing by Scott Mayfield.
9:01 of 3rd period - Ryan Johansen wins face-off versus John Tavares in Oilers zone.
9:08 of 3rd period - Shot by Brandon Hagel.
9:08 of 3rd period - Stopped by Antti Raanta without a rebound.
9:09 of 3rd period - Steven Stamkos wins face-off versus Dylan Strome in Flames zone.
9:13 of 3rd period - Dmitry Orlov is hit by Troy Stecher and loses puck.
9:46 of 3rd period - Shot by Alex Ovechkin.
9:46 of 3rd period - Stopped by Philipp Grubauer with a rebound.
10:06 of 3rd period - Shot by Alex DeBrincat.
10:06 of 3rd period - Deflect By John Tavares.
10:06 of 3rd period - Shot Misses the Net.
10:08 of 3rd period - Shot by Lawson Crouse.
10:08 of 3rd period - Shot Misses the Net.
10:10 of 3rd period - Shot by Lawson Crouse.
10:10 of 3rd period - Stopped by Philipp Grubauer without a rebound.
10:11 of 3rd period - Casey Cizikas wins face-off versus Jordan Staal in Oilers zone.
10:11 of 3rd period - Casey Cizikas is hit by Jordan Staal.
10:31 of 3rd period - Shot by Jakob Silfverberg.
10:31 of 3rd period - Shot Blocked by Esa Lindell.
10:33 of 3rd period - Shot by Jakob Silfverberg.
10:33 of 3rd period - Stopped by Antti Raanta without a rebound.
10:34 of 3rd period - Paul Stastny wins face-off versus John Tavares in Flames zone.
11:09 of 3rd period - Icing by Josh Bailey.
11:10 of 3rd period - Paul Stastny wins face-off versus Steven Stamkos in Oilers zone.
11:10 of 3rd period - Paul Stastny is hit by Alex Ovechkin.
11:26 of 3rd period - Shot by Alexander Barabanov.
11:26 of 3rd period - Stopped by Antti Raanta without a rebound.
11:27 of 3rd period - Jordan Staal wins face-off versus Casey Cizikas in Flames zone.
11:49 of 3rd period - Shot by Casey Cizikas.
11:49 of 3rd period - Shot Misses the Net.
11:57 of 3rd period - Shot by Jordan Staal.
11:57 of 3rd period - Stopped by Philipp Grubauer without a rebound.
11:58 of 3rd period - Ryan Johansen wins face-off versus John Tavares in Oilers zone.
12:17 of 3rd period - Shot by Ryan Johansen.
12:17 of 3rd period - Shot Misses the Net.
12:23 of 3rd period - Shot by Ryan Johansen.
12:23 of 3rd period - Stopped by Antti Raanta with a rebound.
12:25 of 3rd period - Shot by Brandon Hagel.
12:25 of 3rd period - Stopped by Antti Raanta without a rebound.
12:26 of 3rd period - Casey Cizikas wins face-off versus Steven Stamkos in Flames zone.
12:30 of 3rd period - Casey Cizikas is hit by Adam Larsson and loses puck.
12:47 of 3rd period - Shot by Kasperi Kapanen.
12:47 of 3rd period - Stopped by Antti Raanta with a rebound.
12:49 of 3rd period - Shot by Casey Cizikas.
12:49 of 3rd period - Shot Blocked by Adam Larsson.
13:26 of 3rd period - Icing by Troy Stecher.
13:27 of 3rd period - Dylan Strome wins face-off versus John Tavares in Oilers zone.
13:27 of 3rd period - Dylan Strome is hit by Lawson Crouse.
14:40 of 3rd period - Shot by Paul Stastny.
14:40 of 3rd period - Shot Misses the Net.
14:42 of 3rd period - Shot by Scott Mayfield.
14:42 of 3rd period - Deflect By Alexander Barabanov.
14:42 of 3rd period - Shot Blocked by Jordan Eberle.
14:44 of 3rd period - Shot by Mattias Samuelsson.
14:44 of 3rd period - Shot Misses the Net.
15:16 of 3rd period - Icing by Scott Mayfield.
15:17 of 3rd period - Paul Stastny wins face-off versus Steven Stamkos in Oilers zone.
15:36 of 3rd period - Adam Larsson is hit by Ryan Johansen and loses puck.
15:40 of 3rd period - Icing by Adam Larsson.
15:41 of 3rd period - Steven Stamkos wins face-off versus Casey Cizikas in Flames zone.
15:53 of 3rd period - Icing by Jamie Drysdale.
15:54 of 3rd period - Casey Cizikas wins face-off versus John Tavares in Oilers zone.
16:22 of 3rd period - Kasperi Kapanen is hit by Josh Morrissey and loses puck.
17:03 of 3rd period - Shot by Brandon Hagel.
17:03 of 3rd period - Shot Misses the Net.
17:07 of 3rd period - Shot by Brandon Hagel.
17:07 of 3rd period - Stopped by Antti Raanta without a rebound.
17:08 of 3rd period - Dylan Strome wins face-off versus Jordan Staal in Flames zone.
17:15 of 3rd period - Shot by Dylan Strome.
17:15 of 3rd period - Shot Misses the Net.
17:17 of 3rd period - Shot by Ondrej Palat.
17:17 of 3rd period - Stopped by Antti Raanta without a rebound.
17:18 of 3rd period - Paul Stastny wins face-off versus Steven Stamkos in Flames zone.
17:28 of 3rd period - Icing by Alex Ovechkin.
17:29 of 3rd period - Dylan Strome wins face-off versus Steven Stamkos in Flames zone.
17:49 of 3rd period - Minor Penalty to Adam Larsson for Slashing.
17:50 of 3rd period - Jordan Staal wins face-off versus Dylan Strome in Flames zone.
18:17 of 3rd period - Shot by Ryan Johansen.
18:17 of 3rd period - Stopped by Antti Raanta without a rebound.
18:18 of 3rd period - Sean Kuraly wins face-off versus Cole Perfetti in Flames zone.
18:18 of 3rd period - Sean Kuraly is hit by Ondrej Palat.
18:58 of 3rd period - Shot by Alexander Barabanov.
18:58 of 3rd period - Shot Misses the Net.
Goals for this period are 0 for Flames vs 0 for Oilers.
Shots for this period are 5 for Flames vs 13 for Oilers.